 Dungeon Crawl Stone Soup version 0.31.0-9-g3a7656b989 (webtiles) character file.

Game seed: 4546020095019021178

39 qw the Shooter (level 3, 0/18 HPs)
             Began as a Spriggan Hunter on Feb 2, 2024.
             Slain by an adder (2 damage)
             ... on level 2 of the Dungeon.
             The game lasted 00:00:01 (766 turns).

qw the Shooter (Spriggan Hunter)                     Turns: 766, Time: 00:00:02

Health: 0/18       AC:  2    Str:  7    XL:     3   Next: 26%
Magic:  4/4        EV: 19    Int: 10    God:
Gold:   48         SH:  0    Dex: 20    Spells: 2/2 levels left

rFire   . . .        a - +0 shortbow
rCold   . . .        (shield currently unavailable)
rNeg    . . .        c - +0 robe
rPois   .            (helmet restricted)
rElec   .            (no cloak)
rCorr   .            (gloves unavailable)
SInv    +            (boots unavailable)
Will    .....        (no amulet)
Stlth   ++           (no ring)
HPRegen 0.23/turn    (no ring)
MPRegen 0.09/turn

%: no passive effects
@: lethally poisoned (0 -> -3), very quick
A: very small, no large weapons, unfitting armour, see invisible, speed 3
a: no special abilities


You were on level 2 of the Dungeon.
You visited 1 branch of the dungeon, and saw 2 of its levels.

You collected 48 gold pieces.


Innate Abilities, Weirdness & Mutations

You are very small and have problems with some larger weapons.
You are too small for most types of armour.
You have supernaturally acute eyesight. (SInv)
You cover ground extremely quickly. (Speed+++)


   Skills:
 - Level 1.5 Fighting
 + Level 4.6 Ranged Weapons
 - Level 4.0 Dodging
 - Level 1.5 Stealth


You had 2 spell levels left.
You didn't know any spells.
Your spell library was empty.

Inventory:

Hand Weapons
 a - a +0 shortbow (weapon)
Armour
 c - a +0 robe (worn)
 d - a +0 cloak
Potions
 b - a potion of lignification {unknown}

Dungeon Overview and Level Annotations

Branches:
Dungeon (2/15)

Altars:


Message History

The ball python constricts you. The adder bites you but does no damage.
The ball python closely misses you. The ball python constricts you.
You shoot an arrow. The arrow hits the ball python.
You kill the ball python!
You hear an angry hiss.
The adder barely misses you. The adder closely misses you.
You shoot an arrow. The arrow barely misses the adder.
The adder barely misses you.
An adder comes into view.
You shoot an arrow. The arrow hits the adder.
The adder is severely wounded.
The adder completely misses you. The adder bites you.
You shoot an arrow. The arrow barely misses the adder.
The arrow hits the adder but does no damage.
You shoot an arrow.
The arrow hits the adder but does no damage.
The adder is severely wounded.
The adder bites you.
The adder misses you. x2; The adder bites you.
You shoot an arrow. The arrow closely misses the adder.
The adder barely misses you. The adder bites you.
You shoot an arrow. The arrow misses the adder.
The adder barely misses you. The adder bites you. The adder misses you.
You shoot an arrow. The arrow barely misses the adder.
The adder misses you. The adder closely misses you. The adder misses you.
You shoot an arrow. The arrow closely misses the adder.
The adder bites you but does no damage. The adder barely misses you.
The adder closely misses you. The adder misses you.
You shoot an arrow. The arrow barely misses the adder.
The adder completely misses you. The adder misses you.
You shoot an arrow. The arrow hits the adder.
The adder is severely wounded.
The adder closely misses you. The adder barely misses you. The adder bites you.
You are lethally poisoned!
The adder poisons you! The adder barely misses you.
You shoot an arrow. The arrow misses the adder.
You feel sick. The adder completely misses you. The adder barely misses you.
The adder misses you.
You shoot an arrow. The arrow misses the adder.
You feel sick. The adder barely misses you. The adder bites you.
You die...

.#### .# .# ##
### # ..# ##
## #.##.. #..
#... #
#..###S# #
#....S@# #
#.##.### #
#.##.## #
#.#.#...###.#
#
#...(.#.....#
#
###.#...####..
##### #.##.##
....# #.##.#
###.##
#.##.#####.#


You could see 2 adders.

Vanquished Creatures
  An adder (D:2)
  5 endoplasms
  A giant cockroach (D:1)
  A goblin (D:1)
  2 hobgoblins (D:1)
  4 jackals (D:1)
  A kobold (D:2)
  A quokka (D:1)
  3 ball pythons
  3 bats (D:1)
  2 frilled lizards
  4 rats
28 creatures vanquished.

Notes
Turn   | Place    | Note
-------+----------+-------------------------------------------
     0 | D:1      | qw the Spriggan Hunter began the quest for the Orb.
     0 | D:1      | Reached XP level 1. HP: 10/10 MP: 2/2
     0 | D:1      | 0 ||| qw: Version: 0.3-a-155-g5e7d8dd
     0 | D:1      | 0 ||| qw: Game counter: 2468
     0 | D:1      | 0 ||| qw: Melee chars always use a shield: true
     0 | D:1      | 0 ||| qw: God list: Okawaru
     0 | D:1      | 0 ||| qw: Allow faded altars: false
     0 | D:1      | 0 ||| qw: Do Orc after clearing Dungeon:15 true
     0 | D:1      | 0 ||| qw: Do second Lair branch before Depths: true
     0 | D:1      | 0 ||| qw: Lair rune preference: random
     0 | D:1      | 0 ||| qw: Goals: Normal
     0 | D:1      | 0 ||| PLANNING D:1-11
   105 | D:1      | Reached skill level 3 in Dodging
   142 | D:1      | Reached XP level 2. HP: 14/14 MP: 3/3
   527 | D:1      | 527 ||| DRINKING 3 clear potions.
   528 | D:1      | 528 ||| DROPPING scroll of butterflies.
   529 | D:1      | 529 ||| DROPPING 2 potions of brilliance.
   687 | D:2      | Reached XP level 3. HP: 14/18 MP: 4/4
   765 | D:2      | HP: 3/18 [poisoned by an adder]
   766 | D:2      | Slain by an adder

Levels and vault maps discovered:
D:1:      lemuel_arrival_funnel, layout_loops_ring
D:2:      layout_loops_ring, minmay_pentomino_x2

Skill      XL: |  1  2 |
---------------+-------+-----
Dodging        | 3 4 |  4.0
Fighting       | |  1.5
Ranged Weapons | |  4.6
Stealth        | |  1.5

Action                     || total
---------------------------++-------
   Fire: Shortbow          ||    69
    Use: Potion            ||     1
 Armour: Robe              ||    19
  Dodge: Dodged            ||    36

Table legend:
 A = Non-vault XP
 B = Vault XP
 C = Vault XP percentage of total XP
 D = Non-vault monster count
 E = Vault monster count
 F = Vault count percentage of total count
                 A         B        C        D         E       F
            +---------+---------+-------+---------+---------+-------
      Total |      56 |       0 |   0.0 |      28 |       0 |   0.0
            +---------+---------+-------+---------+---------+-------
        D:1 |      35 |       0 |   0.0 |      21 |       0 |   0.0
        D:2 |      21 |       0 |   0.0 |       7 |       0 |   0.0
            +---------+---------+-------+---------+---------+-------
